 Dungeon Crawl Stone Soup version 0.26.0-45-g9c1d065592 (webtiles) character file.

Game seed: 5423702420259541219

297 trckry the Bolt Thrower (level 6, -3/36 HPs)
             Began as a Tengu Hunter on Jan 31, 2021.
             Slain by a mummy (14 damage)
             ... in an ossuary.
             The game lasted 00:06:21 (2419 turns).

trckry the Bolt Thrower (Tengu Hunter)              Turns: 2419, Time: 00:06:22

Health: -3/36      AC:  3    Str: 21    XL:     6   Next: 35%
Magic:  8/8        EV: 15    Int: 11    God:
Gold:   207        SH:  0    Dex: 14    Spells: 5/5 levels left

rFire    . . .     SeeInvis .   a - +1 hand crossbow
rCold    . . .     Faith    .   (no shield)
rNeg     . . .     Spirit   .   m - +0 leather armour
rPois    .         Reflect  .   (helmet restricted)
rElec    .         Harm     .   (no cloak)
rCorr    .         Rampage  .   (no gloves)
Will     .....                  (boots unavailable)
Stlth    +.........             (no amulet)
HPRegen  0.12/turn              q - +6 ring of strength
MPRegen  0.11/turn              (no ring)

@: flying quickly and evasively, quick
A: beak, talons 3, able to fly
a: Stop Flying


You were in an ossuary.
You visited 1 branch of the dungeon, and saw 4 of its levels.
You also visited: Ossuary.

You collected 207 gold pieces.

Inventory:

Hand Weapons
 a - a +1 hand crossbow (weapon)
 b - a +3 dagger of venom
 c - a +0 quarterstaff
Missiles
 d - 6 bolts (quivered ammo)
 e - 31 poisoned darts
 n - 7 curare-tipped darts
Armour
 m - a +0 leather armour (worn)
Jewellery
 q - a +6 ring of strength (left hand)
Scrolls
 g - a scroll of noise {unknown}
 h - 5 scrolls of identify {unknown}
 j - a scroll of remove curse {unknown}
 l - a scroll of teleportation {unknown}
 o - a scroll of enchant weapon {unknown}
 r - a scroll of magic mapping {unknown}
Potions
 f - a potion of cancellation {unknown}
 i - 2 potions of haste {unknown}
 k - a potion of brilliance {unknown}
 p - a potion of mutation {unknown}
 s - a potion of curing {unknown}


   Skills:
 - Level 2.5 Fighting
 * Level 2.4 Short Blades
 - Level 1.0 Staves
 * Level 5.4 Crossbows
 * Level 1.9 Throwing
 + Level 1.9 Armour
 - Level 2.5 Dodging
 - Level 1.0 Stealth
 + Level 1.5 Invocations
 + Level 1.7 Evocations


You had 5 spell levels left.
You didn't know any spells.
Your spell library was empty.

Dungeon Overview and Level Annotations

Branches:
Dungeon (4/15)            Ossuary (1/1)
 Temple: D:4-7

Altars:
Trog


Innate Abilities, Weirdness & Mutations

You have a beak for a mouth.
You have claws for feet.
You can fly continuously.


Message History

The hobgoblin zombie hits you but does no damage.
Fire: 9 bolts
Press: ? - help, Q - select action, (/) - cycle Shift-Dir - straight line, f/p - mummy
Aim: a mummy (severely damaged, 79% to hit)
You shoot a bolt. The bolt hits the mummy.
You destroy the mummy!
The hobgoblin zombie barely misses you. The mummy misses you.
Fire: 8 bolts
Press: ? - help, Q - select action, (/) - cycle Shift-Dir - straight line, f - mummy
Aim: a mummy (79% to hit)
You shoot a bolt. The bolt hits the mummy!
The mummy is almost destroyed.
The hobgoblin zombie hits you.
Fire: 7 bolts
Press: ? - help, Q - select action, (/) - cycle Shift-Dir - straight line, f/p - mummy
Aim: a mummy (almost destroyed, 79% to hit)
You shoot a bolt. The bolt hits the mummy!
You destroy the mummy!
The mummy hits you!
You die...

#####
##(@.##
#.ZM(.#
#(.(..#
#..(..#
#..(..#
#(.∩..#
#..(..#
#(.∩..#
#.....#


You could see a mummy and a hobgoblin zombie.

Vanquished Creatures
  2 centaur zombies (Ossuary)
  A worker ant (D:4)
  2 big kobold zombies (Ossuary)
  5 mummies (Ossuary)
  2 howler monkey skeletons
  2 adders
  A worm (D:3)
  3 dart slugs
  A leopard gecko (D:2)
  An orc (D:3)
  6 bats
  6 giant cockroaches
  7 goblins
  4 hobgoblins
  4 jackals (D:3)
  12 kobolds
  2 ball pythons
  4 frilled lizards
  A goblin zombie (D:4)
  4 hobgoblin zombies (Ossuary)
  7 rats
  A rat zombie (D:4)
78 creatures vanquished.

Notes
Turn   | Place    | Note
-------+----------+-------------------------------------------
     0 | D:1      | trckry the Tengu Hunter began the quest for the Orb.
     0 | D:1      | Reached XP level 1. HP: 12/12 MP: 2/2
   156 | D:1      | Reached XP level 2. HP: 17/17 MP: 3/3
   313 | D:1      | Reached XP level 3. HP: 21/21 MP: 4/4
  1029 | D:2      | Reached skill level 1 in Staves
  1029 | D:2      | Reached skill level 1 in Armour
  1029 | D:2      | Reached skill level 1 in Evocations
  1121 | D:2      | Found a bloodstained altar of Trog.
  1293 | D:2      | Reached XP level 4. HP: 26/26 MP: 5/5
  1519 | D:3      | Reached skill level 1 in Short Blades
  1586 | D:3      | Reached skill level 1 in Invocations
  2135 | D:4      | Reached skill level 5 in Crossbows
  2158 | D:4      | Reached skill level 1 in Throwing
  2158 | D:4      | Gained mutation: You can fly continuously. [Tengu growth]
  2158 | D:4      | Reached XP level 5. HP: 28/31 MP: 6/6
  2170 | D:4      | Found a sand-covered staircase.
  2194 | Ossuary  | Entered an ossuary
  2392 | Ossuary  | Reached XP level 6. HP: 27/36 MP: 8/8
  2419 | Ossuary  | Slain by a mummy

Illustrated notes

Levels and vault maps discovered:
D:1:      scummos_arrival_hexagon, layout_basic
D:2:      layout_basic, marbit_many_paths
D:3:      layout_rooms
D:4:      cheibrodos_quashed, layout_basic, kennysheep_mini,
          kennysheep_little_box, enter_ossuary_4
Ossuary:  ossuary_the_hunt_dpeg

Skill      XL: |  1  2  3  4  5 |
---------------+----------------+-----
Staves         | 1 |  1.0
Armour         | 1 |  1.9
Evocations     | 1 |  1.7
Short Blades   | 1 2 |  2.4
Invocations    | 1 |  1.5
Crossbows      | 5 |  5.4
Throwing       | 1 |  1.9
Fighting       | |  2.5
Dodging        | |  2.5
Stealth        | |  1.0

Action                   |  1- 3 |  4- 6 || total
-------------------------+-------+-------++-------
Melee: Dagger            |    75 |    54 ||   129
       Kick              |    21 |    13 ||    34
       Peck              |     8 |    12 ||    20
 Fire: Hand crossbow     |     3 |    51 ||    54
 Abil: Fly               |       |     1 ||     1
 Stab: Distracted        |     1 |       ||     1
       Sleeping          |     1 |     2 ||     3
Armor: Leather armour    |    19 |    18 ||    37
Dodge: Dodged            |    43 |    75 ||   118
